 Dungeon Crawl Stone Soup version 0.18.1-5-g4a78601 (webtiles) character file.

5402 Chiseanne the Jinx (level 10, -1/63 HPs)
             Began as a Human Enchanter on May 9, 2016.
             Was an Initiate of Gozag.
             Slain by a wolf (11 damage)
             ... led by Grum
             ... on level 9 of the Dungeon.
             The game lasted 00:48:27 (14916 turns).

Chiseanne the Jinx (Human Enchanter)               Turns: 14916, Time: 00:48:28

Health: -1/63      AC:  7    Str:  9    XL:     10   Next: 98%
Magic:  21/24      EV: 12    Int: 21    God:    Gozag
Gold:   770        SH:  0    Dex: 14    Spells: 5 memorised, 17 levels left

rFire  + . .     SeeInvis .     a - +3 dagger (venom)
rCold  . . .     Gourm    .     B - +2 robe {rF+}
rNeg   . . .     Faith    .     (no shield)
rPois  .         Spirit   .     (no helmet)
rElec  .         Dismiss  .     C - +0 cloak
rCorr  .         Reflect  .     p - +0 pair of gloves
SustAt .         Harm     .     r - +0 pair of boots
MR     .....                    (no amulet)
Stlth  ++........               (no ring)
                                m - +3 ring of intelligence

@: not resistant to hostile enchantments, unstealthy
A: no striking features
a: Potion Petition, Call Merchant, Bribe Branch, Renounce Religion


You were on level 9 of the Dungeon.
You worshipped Gozag.
Gozag was noncommittal.
You were full.

You visited 2 branches of the dungeon, and saw 11 of its levels.

You collected 1458 gold pieces.
You paid 688 gold pieces to Gozag.

Inventory:

Hand Weapons
 a - a +3 dagger of venom (weapon)
 d - the +1 hand axe of Bounae {chop, rF++ Str+6}
   (You found it on level 5 of the Dungeon)

   It inflicts extra damage upon your enemies.
   It affects your strength (+6).
   It greatly protects you from fire.
 s - the +5 hand axe "Ikluica" {freeze, rC+ Str+3 SInv}
   (You found it on level 4 of the Dungeon)

   It has been specially enchanted to freeze those struck by it, causing extra
   injury to most foes and up to half again as much damage against particularly
   susceptible opponents.
   It can also slow down cold-blooded creatures.
   It affects your strength (+3).
   It protects you from cold.
   It lets you see invisible.
 w - a +1 flail of protection
Missiles
 f - 178 arrows
 g - 258 stones (quivered)
 h - 7 curare-tipped needles
 j - 35 poisoned needles
 n - 105 sling bullets
 u - 13 tomahawks
 z - 32 bolts
 J - 2 throwing nets
Armour
 e - a +2 buckler
 p - a +0 pair of gloves (worn)
 r - a +0 pair of boots (worn)
 B - a +2 robe of fire resistance (worn)
 C - a +0 cloak (worn)
Magical Staves
 x - an uncursed staff of fire
Jewellery
 m - a +3 ring of intelligence (left hand)
 K - a cursed -3 ring of protection {unknown}
Wands
 H - a wand of confusion (43/48)
Scrolls
 b - a scroll of teleportation
 l - 5 scrolls of recharging
 o - a scroll of fog
 I - 2 scrolls of amnesia
Potions
 i - a potion of curing
 q - a potion of flight
 v - a potion of berserk rage
 y - a potion of resistance
 F - a potion of cure mutation
Books
 c - a book of Maledictions

   Spells                             Type                      Level
   a - Corona                         Hexes                        1
   b - Ensorcelled Hibernation        Hexes/Ice                    2
   c - Confuse                        Hexes                        3
   d - Tukima's Dance                 Hexes                        3
   e - Dazzling Spray                 Conjuration/Hexes            3
Comestibles
 k - 3 meat rations


   Skills:
 - Level 1.0 Short Blades
 - Level 2.0 Dodging
 - Level 3.0 Stealth
 * Level 10.3 Spellcasting
 * Level 11.2 Hexes


You had 17 spell levels left.
You knew the following spells:

 Your Spells              Type           Power        Failure   Level  Hunger
a - Corona                Hex            ######.      1%          1    None
b - Confuse               Hex            ######..     1%          3    None
c - Tukima's Dance        Hex            ######..     1%          3    None
d - Dazzling Spray        Conj/Hex       ####....     1%          3    None
e - Ensorcelled Hibernat  Hex/Ice        ####..       1%          2    None


Dungeon Overview and Level Annotations

Branches:
Dungeon (10/15)            Temple (1/1) D:6            Lair (0/8) D:8
    Orc: D:9-12

Altars:
Ashenzari
Cheibriados
Dithmenos
Elyvilon
Fedhas
Gozag
Kikubaaqudgha
Makhleb
Nemelex Xobeh
Okawaru
Pakellas
Qazlal
Ru
Sif Muna
Trog
Vehumet
Xom
Yredelemnul
Zin
The Shining One

Shops:
D:9 [

Annotations:
D:10 Grum


Message History

Level annotation: Grum The wolf bites you but does no damage. x2; The wolf bites you!
The wolf closely misses you. The wolf misses you. The wolf closely misses you.
The wolf bites you but does no damage. x2
There is a stone staircase leading up here.
The wolf barely misses you. The wolf bites you. The wolf bites you!
The wolf bites you. Grum hits you from afar with a glaive.
You climb upwards.
There is a stone staircase leading down here.
Casting: Confuse
Confirm with . or Enter, or press ? or * to list all spells.
Aiming: Confuse
Press: ? - help, Shift-Dir - straight line, f - wolf
Aim: a wolf (chance to defeat MR: 74%)
The wolf appears confused.
The wolf bites you! The wolf closely misses you. The wolf bites you!
* * * LOW HITPOINT WARNING * * *
The wolf bites you!
You die...
Your body crumbles into a pile of gold.

###########...#.# #.#.
#######...#.#### #.#.
#..............# #######.#.
#..............# #.......##
#..............# #.#######
#..............# ##.####
#..............# #.....#
#........h..h..# #.....#####
#..........@...# #.......... ####
#..........h...# #.....##### ...#
###########.#### #.....#
...#############.# #.....#
...#..........!..######.....#####
...#.####.....####..............#
##.#.# #.....# #..............#
...#.## #.....# #..............#
......# #.....# #..............#


You could see 3 wolves.

Vanquished Creatures
  Maurice (D:8)
  A troll (D:9)
  Sigmund (D:4)
  2 wyverns
  Eustachio (D:6)
  A hungry ghost (D:7)
  A hippogriff (D:9)
  A dancing weapon (D:2)
  2 water moccasins (D:9)
  3 ice beasts
  3 orc warriors
  A necrophage (D:5)
  2 ogres
  3 centaurs
  A crocodile (D:8)
  5 giant frogs
  Dowan (D:4)
  A scorpion (D:6)
  A wyvern skeleton (D:9)
  13 killer bees
  A wight (D:6)
  4 howler monkeys
  6 crimson imps
  2 quasits (D:9)
  5 hounds
  A jelly (D:5)
  2 orc priests
  A giant frog skeleton (D:7)
  An iguana (D:9)
  2 orc wizards
  6 worker ants
  A hound zombie (D:5)
  A hound skeleton (D:6)
  A worker ant zombie (D:5)
  5 gnolls
  A river rat (D:8)
  12 adders
  4 shadow imps
  An ooze (D:4)
  An adder zombie (D:7)
  5 worms
  7 dart slugs
  8 giant geckos
  20 orcs
  5 giant cockroaches
  7 goblins
  8 hobgoblins
  15 jackals
  9 kobolds
  2 quokkas
  2 ball pythons
  22 bats
  A giant gecko skeleton (D:5)
  8 giant newts
  23 rats
245 creatures vanquished.

Vanquished Creatures (collateral kills)
  Duvessa (D:4)
  An orc warrior (D:6)
  4 ogres
  2 wights (D:6)
  A giant frog zombie (D:8)
  A crimson imp (D:5)
  An orc priest (D:8)
  2 orc wizards (D:9)
  2 gnolls (D:7)
  13 orcs
  A giant cockroach (D:3)
  A hobgoblin (D:3)
  A kobold (D:9)
31 creatures vanquished.

Vanquished Creatures (others)
  10 dancing weapons
  A big kobold (D:9)
  A hobgoblin (D:3)
  5 fungi (D:8)
  2 plants (D:8)
19 creatures vanquished.

Grand Total: 295 creatures vanquished

Notes
Turn   | Place    | Note
--------------------------------------------------------------
     0 | D:1      | Chiseanne the Human Enchanter began the quest for the Orb.
     0 | D:1      | Reached XP level 1. HP: 13/13 MP: 3/3
   401 | D:1      | Reached XP level 2. HP: 19/19 MP: 3/5
   973 | D:1      | Reached XP level 3. HP: 18/24 MP: 3/6
  1046 | D:1      | Learned a level 3 spell: Confuse
  1050 | D:1      | Learned a level 3 spell: Tukima's Dance
  2264 | D:2      | Found a glowing golden altar of the Shining One.
  2337 | D:2      | Reached XP level 4. HP: 30/30 MP: 0/8
  2458 | D:2      | Found a white marble altar of Elyvilon.
  2647 | D:2      | Reached skill level 4 in Hexes
  3407 | D:2      | Reached XP level 5. HP: 35/35 MP: 1/10
  4061 | D:3      | Found a bloodstained altar of Trog.
  4437 | D:3      | Reached XP level 6. HP: 10/41 MP: 1/12
  5072 | D:2      | Reached skill level 5 in Hexes
  5630 | D:3      | Found a sparkling altar of Nemelex Xobeh.
  5995 | D:4      | Noticed an ogre
  6106 | D:4      | Noticed Sigmund
  6162 | D:4      | Killed an ogre
  6162 | D:4      | Reached XP level 7. HP: 30/46 MP: 1/14
  6331 | D:4      | Reached skill level 5 in Spellcasting
  6597 | D:4      | Found an oddly glowing altar of Pakellas.
  6634 | D:4      | Learned a level 3 spell: Dazzling Spray
  6637 | D:4      | Learned a level 2 spell: Ensorcelled Hibernation
  6673 | D:4      | Reached skill level 6 in Hexes
  7189 | D:4      | Killed Sigmund
  7189 | D:4      | Reached XP level 8. HP: 52/52 MP: 3/17
  7403 | D:4      | Found a glowing golden altar of the Shining One.
  7517 | D:4      | Got a polished hand axe
  7519 | D:4      | Identified the +5 hand axe "Ikluica" {freeze, rC+ Str+3 SInv} (You found it on level 4 of the Dungeon)
  7564 | D:4      | Noticed Duvessa
  7567 | D:4      | Noticed Dowan
  7580 | D:4      | Killed Duvessa
  7595 | D:4      | Killed Dowan
  7686 | D:5      | Entered Level 5 of the Dungeon
  7802 | D:5      | Reached skill level 7 in Hexes
  7912 | D:5      | Found a shimmering altar of Xom.
  8489 | D:5      | Got an ebony hand axe
  8508 | D:5      | Identified the cursed +1 hand axe of Bounae {chop, rF++ Str+6} (You found it on level 5 of the Dungeon)
  8552 | D:5      | Reached XP level 9. HP: 57/57 MP: 14/19
  8621 | D:5      | Found a stormy altar of Qazlal.
  8752 | D:5      | Reached skill level 8 in Hexes
  8948 | D:6      | Noticed Eustachio
  9167 | D:6      | Killed Eustachio
  9205 | D:6      | Found a staircase to the Ecumenical Temple.
  9217 | Temple   | Entered the Ecumenical Temple
  9328 | Temple   | Became a worshipper of Gozag Ym Sagoz the Greedy
  9408 | D:6      | Found an ancient bone altar of Kikubaaqudgha.
  9412 | D:6      | Found a deep blue altar of Sif Muna.
  9414 | D:6      | Found a radiant altar of Vehumet.
  9419 | D:6      | Identified Vehumet's Guide on Arcane Weapons
  9579 | D:6      | Found an opulent altar of Gozag.
  9757 | D:6      | Found a snail-covered altar of Cheibriados.
  9944 | D:6      | Found a shadowy altar of Dithmenos.
 10265 | D:7      | Reached skill level 9 in Hexes
 11958 | D:8      | Reached XP level 10. HP: 58/63 MP: 14/22
 12127 | D:8      | Found a staircase to the Lair.
 12146 | D:8      | Noticed Maurice
 12163 | D:8      | Killed Maurice
 12170 | D:8      | Reached skill level 10 in Hexes
 12779 | D:9      | Found a shattered altar of Ashenzari.
 12786 | D:9      | HP: 3/63 [poisoned by a water moccasin]
 13597 | D:9      | Reached skill level 10 in Spellcasting
 13780 | D:9      | Reached skill level 11 in Hexes
 14909 | D:10     | Entered Level 10 of the Dungeon
 14909 | D:10     | Noticed Grum
 14916 | D:9      | Slain by a wolf

Skill      XL: |  1  2  3  4  5  6  7  8  9 10 |
---------------+-------------------------------+-----
Spellcasting   | 3 4 6 7 8 10 | 10.3
Hexes          | 4 5 6 7 9 11 | 11.2
Short Blades   | |  1.0
Dodging        | |  2.0
Stealth        | |  3.0

Action                   |  1- 3 |  4- 6 |  7- 9 | 10-12 || total
-------------------------+-------+-------+-------+-------++-------
Melee: Dagger            |   113 |   214 |   294 |   207 ||   828
       Hand axe          |       |       |    49 |       ||    49
Throw: Stone             |       |     5 |       |       ||     5
 Cast: Corona            |    23 |    51 |    31 |    32 ||   137
       Confuse           |    11 |    32 |    51 |    37 ||   131
       Tukima's Dance    |     1 |    25 |    28 |    20 ||    74
       Dazzling Spray    |       |       |    51 |    36 ||    87
Invok: Call Merchant     |       |       |       |     1 ||     1
Evoke: Wand              |       |       |     2 |     5 ||     7
  Use: Scroll            |     6 |     1 |    13 |     4 ||    24
       Potion            |       |     3 |       |     6 ||     9
 Stab: Sleeping          |     8 |     1 |     6 |       ||    15
       Confused          |     3 |    10 |    18 |    11 ||    42
       Invisible         |       |       |     1 |     1 ||     2
       Distracted        |       |       |       |     1 ||     1
  Eat: Chunk             |     5 |    18 |    11 |       ||    34
       Pizza             |       |       |     2 |     1 ||     3
       Bread ration      |       |       |     3 |     2 ||     5
       Fruit             |       |       |     3 |       ||     3
       Royal jelly       |       |       |     1 |       ||     1
       Beef jerky        |       |       |       |     1 ||     1
Armor: Robe              |    30 |    37 |   110 |    50 ||   227
       Skin              |       |       |       |    15 ||    15
Dodge: Dodged            |    56 |   137 |   218 |   168 ||   579
